 Dungeon Crawl Stone Soup version 0.27-a0-249-g74f53ef629 (webtiles) character file.

Game seed: 6305013480657235250

338 sahdkjhfkaj the Ruffian (level 6, -2/49 HPs)
             Began as a Ghoul Gladiator on Feb 3, 2021.
             Was a Follower of Hepliaklqana.
             Killed by divine providence
             ... invoked by an orc priest
              (11 damage)
             ... on level 4 of the Dungeon.
             The game lasted 00:02:58 (3467 turns).

sahdkjhfkaj the Ruffian (Ghoul Gladiator)           Turns: 3467, Time: 00:02:59

Health: -2/49      AC:  9    Str: 19    XL:     6   Next: 55%
Magic:  5/5        EV: 22    Int:  4    God:    Hepliaklqana [*.....]
Gold:   247        SH:  4    Dex: 10    Spells: 5/5 levels left

rFire    . . .     SeeInvis +     - Unarmed
rCold    + . .     Faith    .   z - +0 buckler
rNeg     + + +     Spirit   .   a - +0 chain mail
rPois    ∞         Reflect  .   g - +0 helmet
rElec    .         Harm     .   (no cloak)
rCorr    .         Rampage  .   (no gloves)
Will     .....                  (no boots)
Stlth    ..........             t - amulet of the acrobat
HPRegen  0.00/turn              n - ring of see invisible
MPRegen  0.09/turn              y - ring of stealth

@: acrobat
A: reduced essence, claws 1, cold resistance 1, negative energy resistance 3,
inhibited regeneration, torment resistance, unbreathing
a: Renounce Religion, Recall Ancestor, Ancestor Identity


You were on level 4 of the Dungeon.
You worshipped Hepliaklqana.
Hepliaklqana was aware of your devotion.
You visited 1 branch of the dungeon, and saw 4 of its levels.

You collected 247 gold pieces.

Inventory:

Missiles
 c - 3 throwing nets (quivered) {!f}
Armour
 a - a +0 chain mail (worn)
 g - a +0 helmet (worn)
 z - a +0 buckler (worn)
Jewellery
 n - a ring of see invisible (left claw)
 t - an amulet of the acrobat (around neck)
 y - a ring of stealth (right claw)
Wands
 w - a wand of mindburst (9)
Scrolls
 e - 2 scrolls of teleportation {unknown}
 f - 7 scrolls of identify {unknown}
 i - 2 scrolls of enchant weapon {unknown}
 p - a scroll of blinking {unknown}
 r - 2 scrolls of remove curse {unknown}
 s - 3 scrolls of immolation {unknown}
 u - 2 scrolls of enchant armour {unknown}
 A - a scroll of magic mapping {unknown}
 B - a scroll of fog {unknown}
Potions
 b - a potion of might {unknown}
 d - a potion of cancellation {unknown}
 h - 2 potions of attraction {unknown}
 j - a potion of lignification {unknown}
 k - a potion of haste {unknown}
 l - 4 potions of curing {unknown}
 m - 2 potions of brilliance {unknown}
 o - a potion of flight {unknown}
 q - a potion of heal wounds {unknown}
 v - a potion of ambrosia {unknown}
 x - 3 potions of berserk rage {unknown}


   Skills:
 - Level 4.8 Fighting
 - Level 1.7 Throwing
 - Level 2.6 Dodging
 + Level 2.5 Shields
 - Level 5.4 Unarmed Combat


You had 5 spell levels left.
You didn't know any spells.
Your spell library was empty.

Dungeon Overview and Level Annotations

Branches:
Dungeon (4/15)
 Temple: D:4-7

Altars:
Ashenzari
Dithmenos
Hepliaklqana
Trog
The Shining One


Innate Abilities, Weirdness & Mutations

You thrive by killing the living.
You are immune to poison.
You have sharp fingernails.
Your flesh is cold resistant. (rC+)
You are immune to negative energy. (rN+++)
You do not regenerate when monsters are visible.
You are immune to unholy pain and torment.
You can survive without breathing.
Your life essence is reduced to manifest your ancestor. (-10% HP)


Message History

You swap places.
You swap places.
You see here a worker ant corpse.
Found 21 arrows.
Found an escape hatch in the floor.
An orc priest comes into view. It is wielding a +0 club.
An orc comes into view. It is wielding a +3 trident.
The orc priest mumbles some strange prayers to Beogh against you.
Beogh smites you!
An orc priest comes into view. It is wielding a +0 hand axe.
The orc priest shouts!
The orc priest mumbles some strange prayers to Beogh against you.
Beogh smites you!
The orc priest invokes the aid of Beogh against you.
Beogh smites you!
* * * LOW HITPOINT WARNING * * *
You swap places.
The orc priest mumbles some strange prayers to Beogh against you.
Beogh smites you!
You die...

#.# #[# #........
#.# #.####........
#.# #......##....(
#.##################
#.#.........#####
#.#.............#
#.#.............#
#...............#
###@............#
#R............#
#.######......# #.#
#......# #o#
######## #.# #o#
#.########
#.o..oo..#


You could see the friendly jakfhjkdhas the ancestor, an orc priest and an orc.

Vanquished Creatures
  A sky beast (D:2)
  An orc priest (D:4)
  An orc wizard (D:4)
  A worker ant (D:4)
  8 adders
  A howler monkey skeleton (D:4)
  An ooze (D:2)
  An adder skeleton (D:4)
  2 leopard geckos
  2 orcs (D:3)
  2 ball pythons (D:1)
  7 bats
  A giant cockroach (D:2)
  9 goblins
  10 hobgoblins
  6 jackals (D:4)
  2 quokkas (D:2)
  4 frilled lizards
  8 kobolds
  5 rats
73 creatures vanquished.

Vanquished Creatures (collateral kills)
  An adder (D:3)
  An orc (D:4)
  A hobgoblin (D:3)
  A jackal (D:4)
4 creatures vanquished.

Grand Total: 77 creatures vanquished

Notes
Turn   | Place    | Note
-------+----------+-------------------------------------------
     0 | D:1      | sahdkjhfkaj the Ghoul Gladiator began the quest for the
                  | Orb.
     0 | D:1      | Reached XP level 1. HP: 17/17 MP: 0/0
   320 | D:1      | Reached XP level 2. HP: 19/25 MP: 1/1
   871 | D:1      | Reached XP level 3. HP: 27/31 MP: 2/2
  1050 | D:1      | Reached skill level 4 in Unarmed Combat
  1375 | D:2      | Reached XP level 4. HP: 32/38 MP: 3/3
  1637 | D:2      | Noticed a sky beast
  1663 | D:2      | Killed a sky beast
  1664 | D:2      | Reached skill level 5 in Unarmed Combat
  1664 | D:2      | Reached XP level 5. HP: 23/47 MP: 4/4
  1862 | D:2      | Found a shadowy altar of Dithmenos.
  2047 | D:3      | Found a broken altar of Ashenzari.
  2162 | D:3      | Found a hazy altar of Hepliaklqana.
  2175 | D:3      | Became a worshipper of Hepliaklqana the Forgotten
  2421 | D:3      | Found a glowing golden altar of the Shining One.
  2559 | D:3      | Found a bloodstained altar of Trog.
  2975 | D:4      | Reached XP level 6. HP: 43/49 MP: 5/5
  2985 | D:4      | Reached skill level 1 in Shields
  3407 | D:4      | Reached * piety under Hepliaklqana
  3467 | D:4      | Killed from afar by an orc priest

Illustrated notes

Levels and vault maps discovered:
D:1:      lemuel_arrival_muddy, layout_basic, st_stairs_3
D:2:      layout_rooms, nicolae_overflow_hidden_temple, moated_statue
D:3:      cheibrodos_helix_gallery, layout_loops_ring,
          ashenzari_conservatory_becter, overflow_temple_1_default,
          general_overflow_altar, nzn_hepliaklqana_mist_gate
D:4:      layout_basic, serial_shops, nicolae_shop_behind_doors

Skill      XL: |  1  2  3  4  5  6 |
---------------+-------------------+-----
Fighting       | 3 4 |  4.8
Unarmed Combat | 4 5 |  5.4
Shields        | 2 |  2.5
Throwing       | |  1.7
Dodging        | |  2.6

Action                   |  1- 3 |  4- 6 || total
-------------------------+-------+-------++-------
Melee: Unarmed           |   102 |   167 ||   269
       Punch             |     2 |     2 ||     4
Invok: Ancestor Identity |       |     1 ||     1
 Stab: Distracted        |       |     1 ||     1
Armor: Scale mail        |     2 |       ||     2
       Leather armour    |     1 |       ||     1
       Chain mail        |    49 |    99 ||   148
Dodge: Dodged            |    54 |    69 ||   123
Block: Buckler           |       |     7 ||     7

Table legend: (Time is in decaauts)
 A = Elapsed time spent in this place.
 B = Non-inter-level travel time spent in this place.
 C = Inter-level travel time spent in this place.
 D = Time resting spent in this place.
 E = Time spent auto-exploring this place.
 F = Levels seen in this place.
 G = Mean time per level.
                   A        B        C        D        E       F      G
               +--------+--------+--------+--------+--------+-----+--------+
         Total |   3451 |   3290 |    161 |    139 |   2577 |   4 |  862.8 |
       Dungeon |   3451 |   3290 |    161 |    139 |   2577 |   4 |  862.8 |
               +--------+--------+--------+--------+--------+-----+--------+

Top non-repeatable levels by time:
     D:1: 1238 daAuts
     D:3: 910 daAuts
     D:2: 803 daAuts
     D:4: 499 daAuts
